FSL
DUNEDIN BLUE JAYS @ DAYTONA TORTUGAS
07/14/2098
 
TOP OF THE 1ST
Dunedin Blue Jays batting - Pitching for Daytona Tortugas : RHP Adam DiFrancesco
Pitching: RHP Adam DiFrancesco
Batting: RHB Matt Robertson 0-0: Ball
1-0: Foul Ball, location: 7LDF
1-1: Fly out, F8 (Flyball, 8LM, EV 95.0 MPH)
Batting: RHB Bill Curtis 0-0: Ball
1-0: Called Strike
1-1: Called Strike
1-2: Strikes out swinging
Batting: RHB Pablo Pizarro 0-0: Fly out, F7 (Flyball, 78M, EV 95.6 MPH)
Top of the 1st over - 0 runs, 0 hits, 0 errors, 0 left on base; Dunedin 0 - Daytona 0
BOTTOM OF THE 1ST
Daytona Tortugas batting - Pitching for Dunedin Blue Jays : RHP Josh Montgomery
Pitching: RHP Josh Montgomery
Batting: SHB Ruben Rubi 0-0: Ball
1-0: Foul Ball, location: 7LMF
1-1: Ball
2-1: SINGLE (Groundball, 23, EV 72.5 MPH) (infield hit)
Batting: RHB Jose Arocha 0-0: Called Strike
0-1: Ball
1-1: Foul Ball, location: 25F
1-2: Ball
2-2: Foul Ball, location: 5FF
2-2: Foul Ball, location: 9LMF
2-2: Foul Ball, location: 2F
2-2: Foul Ball, location: 3FF
2-2: Foul Ball, location: 3SF
2-2: Ball
3-2: Foul Ball, location: 5FF
3-2: Base on Balls
Ruben Rubi to second
Batting: RHB David Clinkscale 0-0: Called Strike
0-1: Swinging Strike
0-2: Strikes out looking
Batting: RHB Ivan Gallegos 0-0: Swinging Strike
0-1: Called Strike
0-2: Ball
1-2: Ball
2-2: Foul Ball, location: 23F
2-2: Strikes out swinging
Batting: LHB Gabriel Villa 0-0: Ground out 5-3 (Groundball, 56S, EV 73.8 MPH)
Bottom of the 1st over - 0 runs, 1 hit, 0 errors, 2 left on base; Dunedin 0 - Daytona 0
TOP OF THE 2ND
Dunedin Blue Jays batting - Pitching for Daytona Tortugas : RHP Adam DiFrancesco
Batting: RHB Steve Jones 0-0: Called Strike
0-1: Ball
1-1: DOUBLE (Line Drive, 7LS, EV 99.4 MPH)
Batting: LHB Rob Roe 0-0: SINGLE (Groundball, 6MD, EV 102.5 MPH)
Steve Jones to third
Runner from 3rd tries for Home, SAFE, throw by CF to home
Rob Roe to second
Batting: LHB Dave Tolbert 0-0: Ball
1-0: Ground out 4-3 (Groundball, 4S, EV 66.9 MPH)
Rob Roe to third
Batting: RHB Adam Terlizzi 0-0: Called Strike
0-1: Ball
1-1: Swinging Strike
1-2: Ball
2-2: DOUBLE (Line Drive, 7LS, EV 101.3 MPH)
Rob Roe scores
Batting: RHB Paul Mulligan 0-0: Foul Ball, location: 2F
0-1: Foul Ball, location: 2F
0-2: Foul Ball, location: 3FF
0-2: Ball
1-2: Ball
2-2: Foul Ball, location: 7LDF
2-2: Strikes out looking
Batting: SHB James Parks 0-0: Foul Ball, location: 2F
0-1: Ball
1-1: Ground out 4-3 (Groundball, 4, EV 81.9 MPH)
Top of the 2nd over - 2 runs, 3 hits, 0 errors, 1 left on base; Dunedin 2 - Daytona 0
BOTTOM OF THE 2ND
Daytona Tortugas batting - Pitching for Dunedin Blue Jays : RHP Josh Montgomery
Batting: LHB Alexis Viramontes 0-0: Ball
1-0: Called Strike
1-1: Ball
2-1: Ball
3-1: Called Strike
3-2: Strikes out swinging, 2-3 out at first.
Batting: RHB Alex Cervantes 0-0: Called Strike
0-1: Ball
1-1: Foul Ball, location: 2F
1-2: Ball
2-2: Foul Ball, location: 3FF
2-2: SINGLE (Groundball, 6MD, EV 103.8 MPH)
Batting: LHB Bobby Reicherter 0-0: Called Strike
0-1: Foul Ball, location: 7LDF
0-2: Strikes out swinging
Batting: RHB Frank Castro 0-0: Swinging Strike
0-1: Ball
1-1: Foul Ball, location: 2F
1-2: Ground out 4-3 (Groundball, 4, EV 78.8 MPH)
Bottom of the 2nd over - 0 runs, 1 hit, 0 errors, 1 left on base; Dunedin 2 - Daytona 0
TOP OF THE 3RD
Dunedin Blue Jays batting - Pitching for Daytona Tortugas : RHP Adam DiFrancesco
Batting: RHB Matt Robertson 0-0: Ball
1-0: Ball
2-0: Ball
3-0: Base on Balls
Batting: RHB Bill Curtis 0-0: Ball
1-0: Ball
Matt Robertson steals 2nd base
2-0: Fly out, F7 (Line Drive, 7, EV 93.8 MPH)
Batting: RHB Pablo Pizarro 0-0: Ball
1-0: SINGLE (Popup, 4MD, EV 56.9 MPH)
Matt Robertson to third
Batting: RHB Steve Jones 0-0: Called Strike
0-1: Ball
1-1: Foul Ball, location: 2F
1-2: Fly out, F8 (Flyball, 8RXD, EV 108.1 MPH)
Runner from 3rd tags up, SCORES, no throw by CF
Batting: LHB Rob Roe 0-0: Called Strike
0-1: Foul Ball, location: 7LDF
0-2: Strikes out looking
Top of the 3rd over - 1 run, 1 hit, 0 errors, 1 left on base; Dunedin 3 - Daytona 0
BOTTOM OF THE 3RD
Daytona Tortugas batting - Pitching for Dunedin Blue Jays : RHP Josh Montgomery
Batting: SHB Ruben Rubi 0-0: Foul Ball, location: 3FF
0-1: Swinging Strike
0-2: Ball
1-2: Ground out 5-3 (Groundball, 56S, EV 87.5 MPH)
Batting: RHB Jose Arocha 0-0: Called Strike
0-1: Ball
1-1: Ball
2-1: Foul Ball, location: 25F
2-2: Strikes out swinging
Batting: RHB David Clinkscale 0-0: Called Strike
0-1: Ball
1-1: Fly out, F4 (Popup, 4S, EV 71.3 MPH)
Bottom of the 3rd over - 0 runs, 0 hits, 0 errors, 0 left on base; Dunedin 3 - Daytona 0
TOP OF THE 4TH
Dunedin Blue Jays batting - Pitching for Daytona Tortugas : RHP Adam DiFrancesco
Batting: LHB Dave Tolbert 0-0: Ball
1-0: Foul Ball, location: 2F
1-1: Ball
2-1: Foul Ball, location: 7LMF
2-2: Foul Ball, location: 2F
2-2: Strikes out swinging
Batting: RHB Adam Terlizzi 0-0: Ball
1-0: Foul Ball, location: 7LMF
1-1: Ball
2-1: Foul Ball, location: 23FF
2-2: Hit by Pitch
Batting: RHB Paul Mulligan 0-0: Foul Ball, location: 2F
0-1: Ball
1-1: Ball
2-1: Ball
3-1: Called Strike
3-2: Base on Balls
Adam Terlizzi to second
Batting: SHB James Parks 0-0: Called Strike
0-1: Foul Ball, location: 23F
0-2: Ball
1-2: Strikes out swinging
Batting: RHB Matt Robertson 0-0: Ball
1-0: Ball
2-0: Called Strike
2-1: Ball
3-1: Fielders Choice at 2nd, 6-4 (Groundball, 56, EV 81.9 MPH)
Top of the 4th over - 0 runs, 0 hits, 0 errors, 2 left on base; Dunedin 3 - Daytona 0
BOTTOM OF THE 4TH
Daytona Tortugas batting - Pitching for Dunedin Blue Jays : RHP Josh Montgomery
Batting: RHB Ivan Gallegos 0-0: Ball
1-0: Called Strike
1-1: Swinging Strike
1-2: Fly out, F8 (Line Drive, 78D, EV 90.0 MPH)
Batting: LHB Gabriel Villa 0-0: Ground out 3-1 (Groundball, 34S, EV 82.5 MPH)
Batting: LHB Alexis Viramontes 0-0: Ground out 1-3 (Groundball, 25, EV 72.5 MPH)
Bottom of the 4th over - 0 runs, 0 hits, 0 errors, 0 left on base; Dunedin 3 - Daytona 0
TOP OF THE 5TH
Dunedin Blue Jays batting - Pitching for Daytona Tortugas : RHP Adam DiFrancesco
Batting: RHB Bill Curtis 0-0: Fly out, F8 (Flyball, 8LM, EV 94.4 MPH)
Batting: RHB Pablo Pizarro 0-0: Ball
1-0: Ball
2-0: Ball
3-0: Called Strike
3-1: DOUBLE (Groundball, 5L, EV 102.5 MPH)
Batting: RHB Steve Jones 0-0: Foul Ball, location: 5F
0-1: Ball
1-1: Ground out 6-3 (Groundball, 6M, EV 81.3 MPH)
Pablo Pizarro to third
Batting: LHB Rob Roe 0-0: Ball
1-0: Ground out 4-3 (Groundball, 34, EV 96.9 MPH)
Top of the 5th over - 0 runs, 1 hit, 0 errors, 1 left on base; Dunedin 3 - Daytona 0
BOTTOM OF THE 5TH
Daytona Tortugas batting - Pitching for Dunedin Blue Jays : RHP Josh Montgomery
Batting: RHB Alex Cervantes 0-0: Foul Ball, location: 5FF
0-1: Ball
1-1: Foul Ball, location: 2F
1-2: Foul Ball, location: 2F
1-2: Ball
2-2: Ground out 4-3 (Groundball, 4, EV 79.4 MPH)
Batting: LHB Bobby Reicherter 0-0: Fly out, F7 (Flyball, 78M, EV 81.9 MPH)
Batting: RHB Frank Castro 0-0: Foul Ball, location: 25F
0-1: Swinging Strike
0-2: Strikes out swinging
Bottom of the 5th over - 0 runs, 0 hits, 0 errors, 0 left on base; Dunedin 3 - Daytona 0
TOP OF THE 6TH
Dunedin Blue Jays batting - Pitching for Daytona Tortugas : RHP Adam DiFrancesco
Batting: LHB Dave Tolbert 0-0: Ball
1-0: Ball
2-0: Foul Ball, location: 25F
2-1: SINGLE (Groundball, 34D, EV 101.3 MPH)
Batting: RHB Adam Terlizzi 0-0: Grounds into double play, 4-6-3 (Groundball, 4, EV 106.3 MPH)
Batting: RHB Paul Mulligan 0-0: Called Strike
0-1: Called Strike
0-2: SINGLE (Groundball, 5D, EV 100.0 MPH)
Pitching: RHP Jamie Bird
Batting: SHB James Parks 0-0: Swinging Strike
0-1: Ball
1-1: Foul Ball, location: 7LMF
1-2: Foul Ball, location: 25F
1-2: Ball
2-2: Strikes out swinging, 2-3 out at first.
Top of the 6th over - 0 runs, 2 hits, 0 errors, 1 left on base; Dunedin 3 - Daytona 0
BOTTOM OF THE 6TH
Daytona Tortugas batting - Pitching for Dunedin Blue Jays : RHP Josh Montgomery
Batting: SHB Ruben Rubi 0-0: Called Strike
0-1: Ball
1-1: Called Strike
1-2: Ball
2-2: Strikes out swinging
Batting: RHB Jose Arocha 0-0: Foul Ball, location: 2F
0-1: Foul Ball, location: 2F
0-2: Strikes out swinging
Batting: RHB David Clinkscale 0-0: Called Strike
0-1: Ball
1-1: Ball
2-1: Foul Ball, location: 2LF
2-2: Foul Ball, location: 9LDF
2-2: Ball
3-2: Foul Ball, location: 2F
3-2: Base on Balls
Pitching: RHP Ruben Ruiz
Batting: RHB Ivan Gallegos 0-0: Ball
1-0: Foul Ball, location: 3DF
1-1: Ground out 5-3 (Groundball, 56S, EV 87.5 MPH)
Bottom of the 6th over - 0 runs, 0 hits, 0 errors, 1 left on base; Dunedin 3 - Daytona 0
TOP OF THE 7TH
Dunedin Blue Jays batting - Pitching for Daytona Tortugas : RHP Jamie Bird
Batting: RHB Matt Robertson 0-0: Called Strike
0-1: DOUBLE (Line Drive, 78XD, EV 110.6 MPH)
Batting: RHB Bill Curtis 0-0: Ball
1-0: Ball
2-0: Fly out, F2 (Popup, 25F, EV 77.5 MPH)
Batting: RHB Pablo Pizarro 0-0: Foul Ball, location: 9LDF
0-1: Foul Ball, location: 9LDF
0-2: Strikes out swinging
Batting: RHB Steve Jones 0-0: SINGLE (Line Drive, 8RS, EV 101.9 MPH)
Matt Robertson to third
Runner from 3rd tries for Home, SAFE, throw by CF to home
Batting: LHB Rob Roe 0-0: SINGLE (Groundball, 34D, EV 93.8 MPH)
Steve Jones to second
Runner from 2nd tries for 3rd, SAFE, no throw by RF
Batting: LHB Dave Tolbert 0-0: Called Strike
0-1: Ball
1-1: Called Strike
1-2: Strikes out swinging
Top of the 7th over - 1 run, 3 hits, 0 errors, 2 left on base; Dunedin 4 - Daytona 0
BOTTOM OF THE 7TH
Daytona Tortugas batting - Pitching for Dunedin Blue Jays : RHP Ruben Ruiz
Now at 1B: Bill Curtis
Now at 3B: Dave Tolbert
Now at SS: Dave Ellenbecker
Now in RF: Mario Mendez
Batting: LHB Gabriel Villa 0-0: Called Strike
0-1: Foul Ball, location: 7LMF
0-2: Ball
1-2: Fly out, F9 (Flyball, 89S, EV 97.5 MPH)
Batting: LHB Alexis Viramontes 0-0: Swinging Strike
0-1: Ball
1-1: Ball
2-1: Foul Ball, location: 3FF
2-2: Foul Ball, location: 3F
2-2: Fly out, F9 (Flyball, 9LSF, EV 91.3 MPH)
Batting: RHB Alex Cervantes 0-0: Ball
1-0: Foul Ball, location: 2F
1-1: Hit by Pitch
Batting: LHB Bobby Reicherter 0-0: Ball
1-0: Fly out, F7 (Flyball, 7, EV 100.6 MPH)
Bottom of the 7th over - 0 runs, 0 hits, 0 errors, 1 left on base; Dunedin 4 - Daytona 0
TOP OF THE 8TH
Dunedin Blue Jays batting - Pitching for Daytona Tortugas : RHP Jamie Bird
Batting: RHB Adam Terlizzi 0-0: Swinging Strike
0-1: Ball
1-1: Ball
2-1: Swinging Strike
2-2: Foul Ball, location: 9LMF
2-2: Strikes out swinging
Batting: RHB Paul Mulligan 0-0: Called Strike
0-1: Ball
1-1: Fly out, F8 (Flyball, 8RXD, EV 93.1 MPH)
Batting: SHB James Parks 0-0: Ball
1-0: Foul Ball, location: 2F
1-1: Ball
2-1: Ball
3-1: Foul Ball, location: 2F
3-2: Ground out 4-3 (Groundball, 4M, EV 85.0 MPH)
Top of the 8th over - 0 runs, 0 hits, 0 errors, 0 left on base; Dunedin 4 - Daytona 0
BOTTOM OF THE 8TH
Daytona Tortugas batting - Pitching for Dunedin Blue Jays : RHP Ruben Ruiz
Batting: RHB Frank Castro 0-0: Called Strike
0-1: Swinging Strike
0-2: Ball
1-2: Foul Ball, location: 5FF
1-2: Strikes out swinging
Batting: SHB Ruben Rubi 0-0: Ground out 4-3 (Groundball, 4M, EV 83.1 MPH)
Batting: RHB Jose Arocha 0-0: Ball
1-0: Ball
2-0: Foul Ball, location: 9LSF
2-1: Called Strike
2-2: Ball
3-2: Foul Ball, location: 5FF
3-2: Foul Ball, location: 9LDF
3-2: DOUBLE (Flyball, 8RXD, EV 98.1 MPH)
Batting: RHB David Clinkscale 0-0: Called Strike
0-1: Ball
1-1: Called Strike
1-2: SINGLE (Line Drive, 7LS, EV 93.8 MPH)
Jose Arocha to third
Runner from 3rd tries for Home, SAFE, throw by LF to home
Batting: RHB Ivan Gallegos 0-0: Fielders Choice at 2nd, 6-4 (Groundball, 6, EV 103.1 MPH)
Bottom of the 8th over - 1 run, 2 hits, 0 errors, 1 left on base; Dunedin 4 - Daytona 1
TOP OF THE 9TH
Dunedin Blue Jays batting - Pitching for Daytona Tortugas : RHP Jamie Bird
Batting: RHB Matt Robertson 0-0: Called Strike
0-1: Ball
1-1: Called Strike
1-2: Ball
2-2: Fly out, F7 (Line Drive, 7D, EV 88.1 MPH)
Batting: RHB Bill Curtis 0-0: Ball
1-0: Foul Ball, location: 9LDF
1-1: Ball
2-1: Ball
3-1: Called Strike
3-2: Ground out 6-3 (Groundball, 56, EV 86.9 MPH)
Batting: RHB Mario Mendez 0-0: Ball
1-0: SINGLE (Groundball, 34D, EV 101.9 MPH)
Pitching: RHP Michael Hogan
Batting: RHB Steve Jones 0-0: Ball
1-0: Ball
Mario Mendez is caught stealing 2nd base 2-4
Top of the 9th over - 0 runs, 1 hit, 0 errors, 0 left on base; Dunedin 4 - Daytona 1
BOTTOM OF THE 9TH
Daytona Tortugas batting - Pitching for Dunedin Blue Jays : RHP Ruben Ruiz
Pitching: LHP Troy Anderson
Batting: LHB Gabriel Villa 0-0: Called Strike
0-1: Ball
1-1: Called Strike
1-2: SINGLE (Line Drive, 7LS, EV 91.3 MPH)
Batting: LHB Alexis Viramontes 0-0: Ball
1-0: Ball
2-0: Ground out 4-3 (Groundball, 34, EV 100.6 MPH)
Gabriel Villa to second
Batting: RHB Alex Cervantes 0-0: Ball
1-0: Ball
2-0: Called Strike
2-1: Hit by Pitch
Pinch Hitting: RHB Danny Tavira 0-0: Ball
1-0: Foul Ball, location: 2F
1-1: Ball
2-1: SINGLE (Groundball, 6MD, EV 96.9 MPH)
Gabriel Villa to third
Alex Cervantes to second
Pinch Hitting: LHB Jordan Segura 0-0: Ball
1-0: Ball
2-0: Fly out, F8 (Flyball, 8LM, EV 77.5 MPH)
Batting: SHB Ruben Rubi 0-0: Called Strike
0-1: Swinging Strike
0-2: Foul Ball, location: 3SF
0-2: Ball
1-2: DOUBLE (Line Drive, 89D, EV 110.0 MPH)
Gabriel Villa scores
Alex Cervantes scores
Danny Tavira to third
Runner from 3rd tries for Home, SAFE, throw by RF to trailing runner, SAFE at third!
Batting: RHB Jose Arocha 0-0: Ball
1-0: Ball
2-0: Called Strike
2-1: Foul Ball, location: 2LF
2-2: Strikes out swinging
Bottom of the 9th over - 3 runs, 3 hits, 0 errors, 1 left on base; Dunedin 4 - Daytona 4
TOP OF THE 10TH
Dunedin Blue Jays batting - Pitching for Daytona Tortugas : RHP Michael Hogan
Mario Mendez starts the inning at 2nd base.
Now at C: Walt Minthorn
Now at 2B: Jose Arocha
Now at SS: Danny Tavira
Batting: RHB Steve Jones 0-0: Ball
1-0: Foul Ball, location: 23F
1-1: Ball
2-1: Fly out, F7 (Line Drive, 7LM, EV 98.8 MPH)
Runner from 2nd tags up, SAFE at 3rd with throw by LF
Batting: RHB Dave Ellenbecker 0-0: Called Strike
0-1: Ball
1-1: Ball
2-1: Swinging Strike
2-2: Foul Ball, location: 9LSF
2-2: Ball
3-2: Base on Balls
Batting: LHB Dave Tolbert 0-0: Ball
1-0: Ball
2-0: Called Strike
2-1: Foul Ball, location: 7LMF
2-2: Ball
3-2: Base on Balls
Dave Ellenbecker to second
Batting: RHB Adam Terlizzi 0-0: Called Strike
0-1: Foul Ball, location: 2LF
0-2: Ball
1-2: Strikes out swinging
Pinch Hitting: RHB Dave Mayorga 0-0: Ball
1-0: Ground out U3 (Groundball, 34, EV 82.5 MPH)
Top of the 10th over - 0 runs, 0 hits, 0 errors, 3 left on base; Dunedin 4 - Daytona 4
BOTTOM OF THE 10TH
Daytona Tortugas batting - Pitching for Dunedin Blue Jays : LHP Troy Anderson
Jose Arocha starts the inning at 2nd base.
Now at C: Mike Barney
Batting: RHB David Clinkscale 0-0: Intentional Walk
Batting: RHB Ivan Gallegos 0-0: Ball
1-0: Ball
2-0: Swinging Strike
2-1: Called Strike
2-2: SINGLE (Groundball, P, EV 79.4 MPH) (infield hit)
Jose Arocha to third
David Clinkscale to second
Pitching: RHP Angel Hinojosa
Batting: LHB Gabriel Villa 0-0: Ball
1-0: Ball
2-0: Ball
3-0: Called Strike
3-1: Fly out, F8 (Line Drive, 8LS, EV 97.5 MPH)
Batting: LHB Alexis Viramontes 0-0: Ball
1-0: Swinging Strike
1-1: Foul Ball, location: 7LDF
1-2: Foul Ball, location: 9LMF
1-2: Fly out, F3 (Line Drive, 3L, EV 69.4 MPH)
Lined into DP, 3-5 (Line Drive, 3L, EV 69.4 MPH)
Bottom of the 10th over - 0 runs, 1 hit, 0 errors, 2 left on base; Dunedin 4 - Daytona 4
TOP OF THE 11TH
Dunedin Blue Jays batting - Pitching for Daytona Tortugas : RHP Michael Hogan
Mike Barney starts the inning at 2nd base.
Batting: SHB James Parks 0-0: Sac Bunt to 15 - play at first, batter OUT! 1-3
Mike Barney to third
Batting: RHB Matt Robertson 0-0: Foul Ball, location: 2LF
0-1: Swinging Strike
0-2: Ball
1-2: Ball
2-2: Foul Ball, location: 9LSF
2-2: SINGLE (Line Drive, 89S, EV 102.5 MPH)
Mike Barney scores
Batting: RHB Bill Curtis 0-0: Ball
1-0: Ball
2-0: Fly out, F9 (Flyball, 9D, EV 111.3 MPH)
Pitching: LHP Steve McLaughlin
Batting: RHB Mario Mendez 0-0: Foul Ball, location: 2F
0-1: Ball
1-1: Ball
2-1: Called Strike
Matt Robertson is caught stealing 2nd base 2-4
Top of the 11th over - 1 run, 1 hit, 0 errors, 0 left on base; Dunedin 5 - Daytona 4
BOTTOM OF THE 11TH
Daytona Tortugas batting - Pitching for Dunedin Blue Jays : RHP Angel Hinojosa
Alexis Viramontes starts the inning at 2nd base.
Batting: RHB Alex Cervantes 0-0: Called Strike
0-1: Called Strike
0-2: Ball
1-2: Ball
2-2: Fly out, F8 (Flyball, 8LD, EV 97.5 MPH)
Pinch Hitting: LHB Jose Hernandez 0-0: Called Strike
0-1: Ground out 3-1 (Groundball, 34S, EV 90.0 MPH)
Alexis Viramontes to third
Batting: RHB Walt Minthorn 0-0: Ball
1-0: Ball
2-0: Called Strike
2-1: Ground out 5-3 (Groundball, 5, EV 106.3 MPH)
Bottom of the 11th over - 0 runs, 0 hits, 0 errors, 1 left on base; Dunedin 5 - Daytona 4
Tuesday, April 9th , 2024 - OOTP Baseball 24.11 Build 85